 Dungeon Crawl Stone Soup version 0.31-a0-977-gc230f8ef24 (webtiles) character file.

Game seed: 3849828698430416273

127 timneilson the Changeling (level 5, -6/34 HPs)
             Began as an Octopode Shapeshifter on Oct 29, 2023.
             Mangled by a gnoll
             ... wielding a +0 spear
              (7 damage)
             ... on level 3 of the Dungeon.
             The game lasted 00:03:54 (1732 turns).

timneilson the Changeling (Octopode Shapeshifter)   Turns: 1732, Time: 00:03:55

Health: -6/34      AC:  1    Str: 16    XL:     5   Next: 11%
Magic:  6/6        EV: 13    Int: 12    God:
Gold:   133        SH:  0    Dex: 11    Spells: 6/6 levels left

rFire   . .          .
                       - Unarmed
rCold   . . .        (no shield)
rNeg    . . .        (helmet currently unavailable)
rPois   .            (no amulet)
rElec   .            (no ring)
rCorr   .            (no ring)
SInv    .            (no ring)
Will    .....        (no ring)
Stlth   +++          (no ring)
HPRegen 0.25/turn    (no ring)
MPRegen 0.10/turn    (no ring)
                     (no ring)

%: no passive effects
@: beast-form
A: beast (slay +2), almost no armour, amphibious, 8 rings, camouflage 1,
gelatinous body 1, (nimble swimmer 1), tentacles
a: Begin Untransformation


You were on level 3 of the Dungeon.
You were a hulking beast.
You visited 1 branch of the dungeon, and saw 3 of its levels.

You collected 133 gold pieces.

Inventory:

Hand Weapons
 j - a +1 dagger
Jewellery
 e - a ring of ice
Talismans
 b - a beast talisman
 c - a flux talisman
Scrolls
 h - a scroll of teleportation
 i - a scroll of noise
 m - 2 scrolls of fog
 o - a scroll of amnesia
Potions
 a - a potion of lignification
 d - a potion of curing
 f - a potion of might {unknown}
 g - a potion of magic {unknown}
 k - a potion of resistance {unknown}
 l - a potion of attraction {unknown}
 n - 2 potions of heal wounds {unknown}


   Skills:
 * Level 2.1 Fighting
 * Level 2.8 Dodging
 + Level 1.6 Stealth
 * Level 3.5 Unarmed Combat
 + Level 1.1 Spellcasting
 * Level 3.6 Shapeshifting


You had 6 spell levels left.
You didn't know any spells.
Your spell library was empty.

Dungeon Overview and Level Annotations

Branches:
Dungeon (3/15)

Altars:
Xom


Innate Abilities, Weirdness & Mutations

You are a hulking beast.
Your limbs bulge with bestial killing power. (Slay +2)
You cannot wear most types of armour.
You are amphibious.
You can wear up to eight rings at the same time.
Your skin changes colour to match your surroundings (Stealth+).
Your rubbery body absorbs attacks. (AC +1, EV +1)
((You are camouflaged when in or above water. (Stealth+)))
You have tentacles for arms and can constrict up to eight enemies at once.


Message History

You kill the gnoll!
The gnoll hits you from afar with a +0 spear.
You have reached level 5!
You feel stronger. The gnoll hits you with a +0 spear.
The gnoll hits you from afar with a +0 spear!
Things that are here:
a +0 whip; a gnoll corpse You tentacle-slap the gnoll.
Your grab misses the gnoll.
The gnoll is moderately wounded.
The gnoll hits you but does no damage. The gnoll misses you.
You barely miss the gnoll. You grab the gnoll. You squeeze the gnoll.
The gnoll is moderately wounded.
You constrict the gnoll. The gnoll closely misses you.
The gnoll hits you from afar with a +0 spear.
* * * LOW HITPOINT WARNING * * *
You tentacle-slap the gnoll.
The gnoll is heavily wounded.
You constrict the gnoll. The gnoll completely misses you.
The gnoll closely misses you.
You tentacle-slap the gnoll but do no damage.
The gnoll is severely wounded.
You constrict the gnoll. The gnoll barely misses you. x2
You tentacle-slap the gnoll but do no damage.
The gnoll is almost dead.
You constrict the gnoll.
You kill the gnoll!
The gnoll completely misses you. The gnoll attacks as it pursues you!
The gnoll hits you from afar with a +0 spear.
* * * LOW HITPOINT WARNING * * *
The gnoll attacks as it pursues you!
The gnoll hits you from afar with a +0 spear.
* * * LOW HITPOINT WARNING * * *
The gnoll attacks as it pursues you!
The gnoll hits you from afar with a +0 spear.
* * * LOW HITPOINT WARNING * * *
The gnoll attacks as it pursues you!
The gnoll hits you from afar with a +0 spear!
You die...

#.###.........
##.#.#.#####.#
#...#.# #.# .#
#.#.#.# #.# #.#
#.#.#.#####.# #.#
#.#.#.....#.###.## .
#.#.#####.#.##...##.
#.#.# #.#.#.....#.
#.#h# #.#.........
#.#.#####.#.........
#..g....>........<..
###.#########.....#.
#g#### ##)..##
#..).# ##.## ####)#
.... #.# ###### #g#


You could see 2 gnolls.

Vanquished Creatures
  2 gnolls (D:3)
  6 adders
  A worm (D:2)
  A dart slug (D:1)
  3 ball pythons (D:1)
  3 endoplasms
  4 giant cockroaches
  4 goblins
  5 hobgoblins
  2 jackals (D:1)
  5 kobolds
  2 quokkas (D:1)
  4 bats
  3 frilled lizards
  4 rats
49 creatures vanquished.

Notes
Turn   | Place    | Note
-------+----------+-------------------------------------------
     0 | D:1      | timneilson the Octopode Shapeshifter began the quest for
                  | the Orb.
     0 | D:1      | Reached XP level 1. HP: 13/13 MP: 1/1
   152 | D:1      | Reached XP level 2. HP: 18/18 MP: 2/2
   550 | D:1      | You fall into a shaft and drop 1 floor!
   558 | D:2      | Reached XP level 3. HP: 23/23 MP: 3/3
   673 | D:2      | Reached skill level 1 in Stealth
   723 | D:2      | Reached XP level 4. HP: 29/29 MP: 3/5
  1548 | D:2      | Found a shimmering altar of Xom.
  1650 | D:3      | Reached skill level 1 in Spellcasting
  1721 | D:3      | Reached XP level 5. HP: 20/34 MP: 6/6
  1731 | D:3      | HP: 1/34 [gnoll/+0 spear (1)]
  1732 | D:3      | Mangled by a gnoll

Illustrated notes

Levels and vault maps discovered:
D:1:      amcnicky_arrival_abandoned_market, layout_basic, serial_forest,
          infiniplex_forest_lined_1, infiniplex_forest_end_2,
          infiniplex_forest_lined_corner, infiniplex_forest_straight_5,
          infiniplex_forest_lined_2
D:2:      layout_rooms, basic_altar, minmay_misc_feat_ornament,
          amcnicky_mini_rare_corridor_liquid
D:3:      layout_loops_ring, minmay_misc_feat_chi, minivault_19

Skill      XL: |  1  2  3  4 |
---------------+-------------+-----
Stealth        | 1 |  1.6
Fighting       | 2 |  2.1
Spellcasting   | 1 |  1.1
Dodging        | |  2.8
Unarmed Combat | |  3.5
Shapeshifting  | |  3.6

Action                     |  1- 3 |  4- 6 || total
---------------------------+-------+-------++-------
  Melee: Unarmed           |    54 |    66 ||   120
         Constrict         |    12 |    12 ||    24
         Tentacles         |     9 |    18 ||    27
         Punch             |     2 |     1 ||     3
    Use: Scroll            |       |     8 ||     8
   Stab: Sleeping          |     5 |     5 ||    10
 Armour: Skin              |    31 |    23 ||    54
  Dodge: Dodged            |    27 |    23 ||    50

Table legend: (Time is in decaauts)
 A = Elapsed time spent in this place.
 B = Non-inter-level travel time spent in this place.
 C = Inter-level travel time spent in this place.
 D = Time resting spent in this place.
 E = Time spent auto-exploring this place.
 F = Levels seen in this place.
 G = Mean time per level.
                   A        B        C        D        E       F      G
               +--------+--------+--------+--------+--------+-----+--------+
         Total |   1724 |   1681 |     43 |     17 |   1198 |   3 |  574.7 |
       Dungeon |   1724 |   1681 |     43 |     17 |   1198 |   3 |  574.7 |
               +--------+--------+--------+--------+--------+-----+--------+

Top non-repeatable levels by time:
     D:1: 1115 daAuts
     D:2: 499 daAuts
     D:3: 109 daAuts
